 Dungeon Crawl Stone Soup version 0.31-a0-486-g8d68a81214 (webtiles) character file.

Game seed: 17908742561672313176

121 HallandMoats the Trooper (level 4, -5/38 HPs)
             Began as a Demonspawn Monk on Aug 7, 2023.
             Slain by a gnoll
             ... wielding a +0 whip
              (9 damage)
             ... on level 2 of the Dungeon.
             The game lasted 00:02:31 (1930 turns).

HallandMoats the Trooper (Demonspawn Monk)          Turns: 1930, Time: 00:02:32

Health: -5/38      AC:  4    Str: 13    XL:     4   Next: 77%
Magic:  7/7        EV: 12    Int: 12    God:
Gold:   97         SH:  0    Dex: 15    Spells: 3/3 levels left

rFire   . . .        a - +0 hand axe
rCold   . . .        d - orb {light}
rNeg    . . .        g - +2 robe {Will+}
rPois   .            (helmet restricted)
rElec   .            (no cloak)
rCorr   .            (no gloves)
SInv    .            (no boots)
Will    +....        (no amulet)
Stlth   +            (no ring)
HPRegen 0.26/turn    (no ring)
MPRegen 0.10/turn

%: no passive effects
@: glowing
A: claws 1, horns 1
a: no special abilities


You were on level 2 of the Dungeon.
You visited 1 branch of the dungeon, and saw 2 of its levels.

You collected 97 gold pieces.

Inventory:

Hand Weapons
 a - a +0 hand axe (weapon)
Missiles
 n - a throwing net
Armour
 d - an orb of light (worn)
 g - a +2 robe of willpower (worn)
Scrolls
 b - a scroll of fear {unknown}
 e - a scroll of brand weapon {unknown}
 k - a scroll of fog {unknown}
 l - a scroll of acquirement {unknown}
Potions
 c - a potion of ambrosia
 f - a potion of resistance {unknown}
 h - a potion of heal wounds {unknown}
 i - 2 potions of enlightenment {unknown}
 j - 2 potions of curing {unknown}
 m - a potion of degeneration {unknown}


   Skills:
 + Level 4.4 Fighting
 - Level 2.6 Axes
 - Level 2.6 Dodging
 + Level 4.1 Invocations


You had 3 spell levels left.
You didn't know any spells.
Your spell library was empty.

Dungeon Overview and Level Annotations

Branches:
Dungeon (2/15)

Altars:


Innate Abilities, Weirdness & Mutations

You have sharp fingernails.
You have a pair of small horns on your head.


Message History

The gnoll shouts!
You hear a shout! x3
The gnoll hits you from afar with a +0 halberd.
A gnoll is nearby!
A gnoll is nearby!
A gnoll is nearby!
The gnoll hits you with a +0 halberd.
You barely miss the gnoll.
A gnoll comes into view. It is wielding a +0 flail.
The gnoll closely misses you.
You hit the gnoll but do no damage. You hit the gnoll.
The gnoll is moderately wounded.
The gnoll barely misses you.
You hit the gnoll.
The gnoll is heavily wounded.
The gnoll closely misses you.
A gnoll comes into view. It is wielding a +0 whip.
The gnoll barely misses you. The gnoll hits you with a +0 flail!
The gnoll hits you from afar with a +0 halberd.
You hit the gnoll but do no damage. You headbutt the gnoll!
The gnoll is almost dead.
The gnoll barely misses you. x2
You hit the gnoll.
You kill the gnoll!
The gnoll misses you.
Your Invocations skill increases to level 4!
A gnoll comes into view. It is wielding a +0 club.
The gnoll barely misses you.
You see here a +0 flail.
The gnoll hits you with a +0 whip. The gnoll misses you.
The gnoll attacks as you move away! The gnoll hits you with a +0 whip.
The gnoll attacks as you move away! The gnoll barely misses you.
The gnoll attacks as you move away! The gnoll hits you with a +0 whip!
* * * LOW HITPOINT WARNING * * *
The gnoll attacks as you move away! The gnoll hits you with a +0 whip.
* * * LOW HITPOINT WARNING * * *
The gnoll attacks as you move away! The gnoll hits you with a +0 whip.
* * * LOW HITPOINT WARNING * * *
The gnoll attacks as you move away! The gnoll hits you with a +0 whip!
You die...

#...#.g.....#
#
###g#########
# #.# # #.# #
#####g#### #
#.....g..# #
#.###....###
####
#.##....g..+
+...
#†###...@###
#### #.#
#.....# # #.#
####..# ##
#.# #..# #.
#.######..#
#.
#.........#
#.
#########.#
#.# ##
#.######.## #
#.........##


You could see 3 gnolls.

Vanquished Creatures
  5 gnolls
  An adder (D:2)
  2 worms (D:2)
  2 dart slugs (D:1)
  3 ball pythons
  6 endoplasms
  4 giant cockroaches
  8 goblins
  6 hobgoblins
  A quokka (D:1)
  6 bats
  2 kobolds (D:1)
  A rat (D:1)
47 creatures vanquished.

Notes
Turn   | Place    | Note
-------+----------+-------------------------------------------
     0 | D:1      | HallandMoats the Demonspawn Monk began the quest for the
                  | Orb.
     0 | D:1      | Reached XP level 1. HP: 18/18 MP: 1/1
    88 | D:1      | Reached skill level 1 in Invocations
   133 | D:1      | Discovered your monstrous ancestry.
   133 | D:1      | Gained mutation: You have a pair of small horns on your
                  | head. [demonic ancestry]
   133 | D:1      | Reached XP level 2. HP: 20/24 MP: 1/3
   343 | D:1      | Gained mutation: You have sharp fingernails. [demonic
                  | ancestry]
   343 | D:1      | Reached XP level 3. HP: 29/29 MP: 4/4
  1092 | D:1      | Reached XP level 4. HP: 13/37 MP: 6/6
  1930 | D:2      | Slain by a gnoll

Illustrated notes

Levels and vault maps discovered:
D:1:      dpeg_arrival_tiny_j, layout_loops_ring, serial_bayou_pond_b
D:2:      layout_loops_corners

Skill      XL: |  1  2  3  4 |
---------------+-------------+-----
Invocations    | 1 2 3 4 |  4.1
Fighting       | 4 |  4.4
Axes           | |  2.6
Dodging        | |  2.6

Action                     |  1- 3 |  4- 6 || total
---------------------------+-------+-------++-------
  Melee: Hand axe          |    82 |    51 ||   133
         Headbutt          |     9 |    11 ||    20
 Armour: Robe              |    26 |    13 ||    39
  Dodge: Dodged            |    55 |    49 ||   104

Table legend: (Time is in decaauts)
 A = Elapsed time spent in this place.
 B = Non-inter-level travel time spent in this place.
 C = Inter-level travel time spent in this place.
 D = Time resting spent in this place.
 E = Time spent auto-exploring this place.
 F = Levels seen in this place.
 G = Mean time per level.
                   A        B        C        D        E       F      G
               +--------+--------+--------+--------+--------+-----+--------+
         Total |   1957 |   1948 |      9 |    242 |   1258 |   2 |  978.5 |
       Dungeon |   1957 |   1948 |      9 |    242 |   1258 |   2 |  978.5 |
               +--------+--------+--------+--------+--------+-----+--------+

Top non-repeatable levels by time:
     D:1: 1123 daAuts
     D:2: 834 daAuts
